 Dungeon Crawl Stone Soup version 0.30-a0-709-gcdc1b43e22 (webtiles) character file.

Game seed: 1356201851890131651

355 Alitron123 the Cudgeller (level 6, -9/39 HPs)
             Began as a Gargoyle Berserker on Jan 22, 2023.
             Was a Believer of Trog.
             Killed from afar by an orc wizard (10 damage)
             ... with a puff of flame
             ... on level 6 of the Dungeon.
             The game lasted 00:03:17 (1664 turns).

Alitron123 the Cudgeller (Gargoyle Berserker)       Turns: 1664, Time: 00:03:18

Health: -9/39      AC: 14    Str: 22    XL:     6   Next: 63%
Magic:  6/6        EV: 10    Int:  8    God:    Trog [**....]
Gold:   81         SH:  0    Dex:  9    Spells: 5/5 levels left

rFire   . . .      SeeInvis .    a - +0 mace
rCold   . . .      Faith    .    (no shield)
rNeg    + . .      Spirit   .    i - +3 scale mail {rPois}
rPois   ∞          Reflect  .    (no helmet)
rElec   +          Harm     .    (no cloak)
rCorr   .          Rampage  .    (no gloves)
Will    .....                    (no boots) Stlth
                                 (no amulet)
HPRegen 0.26/turn                h - ring of flight
MPRegen 0.10/turn                (no ring)

@: on berserk cooldown, flying, slowed, very slow
A: sickness immunity, AC +4, negative energy resistance 1, electricity
resistance, torment resistance 1, petrification resistance
a: Renounce Religion, Berserk, Trog's Hand


You were on level 6 of the Dungeon.
You worshipped Trog.
Trog was pleased with you.
You visited 1 branch of the dungeon, and saw 4 of its levels.

You collected 81 gold pieces.

Inventory:

Hand Weapons
 a - a +0 mace (weapon)
Armour
 i - a +3 scale mail of poison resistance (worn)
 l - a +0 helmet
Jewellery
 h - a ring of flight (left hand)
Scrolls
 b - a scroll of amnesia {unknown}
 e - a scroll of fear
 g - a scroll of teleportation
 k - a scroll of identify
Potions
 c - 2 potions of curing
 f - a potion of brilliance {unknown}
 j - a potion of magic {unknown}


   Skills:
 + Level 4.3 Fighting
 + Level 5.4 Maces & Flails
 + Level 3.7 Armour
 + Level 2.2 Dodging
 + Level 1.4 Stealth


You had 5 spell levels left.
You didn't know any spells.
Your spell library was empty.

Dungeon Overview and Level Annotations

Branches:
Dungeon (6/15)
 Temple: D:4-7

Altars:


Innate Abilities, Weirdness & Mutations

You are immune to sickness and miasma.
Your stone body is resilient. (AC +4)
You are immune to poison.
You resist negative energy. (rN+)
You are resistant to electric shocks. (rElec)
You are resistant to unholy torment.
You are immune to petrification.


Message History

You barely miss something.
The orc warrior hits you but does no damage.
Something hits you.
You miss something.
The orc priest shouts!
The orc warrior hits you from afar with a +0 trident.
Something hits you. Something hits you but does no damage.
The orc warrior closely misses you.
You barely miss something. The orc warrior barely misses you.
The orc priest casts a cantrip, but nothing happens.
Something hits you but does no damage. The orc warrior barely misses you.
Something hits you.
You thump something!
The orc warrior hits you but does no damage.
The orc hits you but does no damage. Something hits you but does no damage.
The orc warrior barely misses you.
You hear some strange, mumbled words.
A magic dart appears from out of thin air!
The magic dart hits you!
* * * LOW HITPOINT WARNING * * *
The orc hits you with a +0 club.
* * * LOW HITPOINT WARNING * * *
You miss something.
The orc warrior hits you but does no damage.
The orc priest calls down the wrath of Beogh upon you.
Pain shoots through your body!
* * * LOW HITPOINT WARNING * * *
Something hits you.
* * * LOW HITPOINT WARNING * * *
The orc misses you.
You completely miss something.
The orc warrior hits you but does no damage.
The orc barely misses you. Something hits you.
* * * LOW HITPOINT WARNING * * *
The orc priest barely misses you.
The orc warrior hits you but does no damage.
You hear some strange, mumbled words.
A puff of flame appears from out of thin air!
The puff of flame hits you!
You die...

.#........##.# #.#
..#..........# ##.# #
......./.#..####..# .
###......#...##..## .#
$.[.....##.....####.##.
....
##..............#!......
.....
..........##....#.......
......♣
..........<..<.##.......
......♣8
...........![{@oo...#
..#.♣..♣
..........o.....#
...♣8♣..
..###....#.....##
♣..♣..♣ . .....>.......#
♣...♣8 ###..........#
♣..♣ #............ 8♣..
#..$##.....### . ..♣..♣
.......##..# . 8♣...♣8
<.♣..♣..♣


You could see an orc warrior, an orc priest and an orc.

Vanquished Creatures
  A water moccasin (D:6)
  An ogre (D:6)
  A bullfrog (D:6)
  3 adders
  A river rat (D:3)
  2 worms
  3 dart slugs
  An endoplasm (D:2)
  2 giant cockroaches (D:2)
  8 goblins
  3 hobgoblins
  4 jackals (D:1)
  5 quokkas
  7 ball pythons
  3 bats
  A frilled lizard (D:2)
  3 kobolds (D:1)
  9 rats
58 creatures vanquished.

Notes
Turn   | Place    | Note
-------+----------+-------------------------------------------
     0 | D:1      | Alitron123 the Gargoyle Berserker began the quest for the
                  | Orb.
     0 | D:1      | Reached XP level 1. HP: 14/14 MP: 1/1
    35 | D:1      | Found a faded altar of an unknown god.
   178 | D:1      | Reached XP level 2. HP: 19/19 MP: 2/2
   728 | D:1      | Reached XP level 3. HP: 19/24 MP: 3/3
   891 | D:2      | Reached ** piety under Trog
   999 | D:2      | Reached skill level 4 in Maces & Flails
  1046 | D:2      | Reached XP level 4. HP: 27/29 MP: 4/4
  1116 | D:2      | Reached skill level 1 in Stealth
  1545 | D:3      | You are sucked into a shaft and drop 3 floors!
  1568 | D:6      | Noticed an orc warrior
  1571 | D:6      | Noticed an ogre
  1598 | D:6      | Killed an ogre
  1599 | D:6      | Reached XP level 5. HP: 33/33 MP: 5/5
  1619 | D:6      | Noticed a water moccasin
  1633 | D:6      | Reached skill level 5 in Maces & Flails
  1633 | D:6      | Reached XP level 6. HP: 7/38 MP: 6/6
  1651 | D:6      | Killed a water moccasin
  1663 | D:6      | HP: 1/39 [something (2)]
  1664 | D:6      | Killed from afar by an orc wizard

Illustrated notes

Levels and vault maps discovered:
D:1:      psy_arrival_fountain, layout_basic, nicolae_ecumenical_snake_handling,
          minivault_4, chequers_serial_rivers_micro_c,
          chequers_serial_rivers_small_a, minmay_indecisive_spiral
D:2:      layout_basic
D:3:      cheibrodos_greedy_goblins, layout_basic, grunt_qazlal_clouds,
          gup_sewer_entry_bowl, kennysheep_minor_cross
D:6:      layout_rooms, minmay_temple_entry_ruins, minmay_crystal_room,
          kennysheep_doodads

Skill      XL: |  1  2  3  4  5 |
---------------+----------------+-----
Maces & Flails | 4 5 |  5.4
Stealth        | 1 |  1.4
Fighting       | 4 |  4.3
Armour         | 3 |  3.7
Dodging        | 2 |  2.2

Action                     |  1- 3 |  4- 6 || total
---------------------------+-------+-------++-------
  Melee: Mace              |   130 |   102 ||   232
         Punch             |       |     1 ||     1
 Invoke: Berserk           |     1 |     3 ||     4
         Trog's Hand       |       |     1 ||     1
    Use: Scroll            |     2 |     4 ||     6
         Potion            |       |     2 ||     2
   Stab: Sleeping          |     1 |       ||     1
 Armour: Animal skin       |    37 |       ||    37
         Scale mail        |    37 |    81 ||   118
  Dodge: Dodged            |    93 |    77 ||   170

Table legend: (Time is in decaauts)
 A = Elapsed time spent in this place.
 B = Non-inter-level travel time spent in this place.
 C = Inter-level travel time spent in this place.
 D = Time resting spent in this place.
 E = Time spent auto-exploring this place.
 F = Levels seen in this place.
 G = Mean time per level.
                   A        B        C        D        E       F      G
               +--------+--------+--------+--------+--------+-----+--------+
         Total |   1739 |   1674 |     65 |      0 |   1168 |   4 |  434.8 |
       Dungeon |   1739 |   1674 |     65 |      0 |   1168 |   4 |  434.8 |
               +--------+--------+--------+--------+--------+-----+--------+

Top non-repeatable levels by time:
     D:1: 917 daAuts
     D:2: 416 daAuts
     D:3: 265 daAuts
     D:6: 139 daAuts
